Description

Tight ZvP Macro opener into a Ling/Hydra timing at the 3rd base

Build Order

Why is there no SALT encoding or Overwolf build?

  16  0:50  Hatchery  
  18  1:10  Extractor  Drone #17 egg sent to gas
  18  1:17  Spawning Pool  Send Egg #18 to 3rd base
  20  1:50  Hatchery  3rd base
  20  2:02  Queen  Queen in MAIN, drone to 24
  24  2:15  Metabolic Boost  TAKE 2 OFF GAS
  24  2:22  Overlord  
  29    Queen  
  31    Queen  
  33    Zergling x2  
  35    Overlord  
  36    Overlord  
  44    Zergling x5  Just before SPEED finishes, make 10-12 lings
  45  3:30  Action x2  2 BACK IN GAS, Once you have ~50-55 drones, 4 gas, bank for HYDRAS
  48  3:40  Extractor, Lair  
  58  4:05  Extractor x2  
  70  4:40  Hydralisk Den  OVERLORDS
Spawning Tool Build Advisor. Get it on Overwolf

Go to:

Details

  • Created by: roarbot
  • Published on: May 06, 2018
  • Modified on: May 06, 2018
  • Patch: 4.0.0
Show

Export as new Build Order

Comments (0)

There are no comments. Be the first!

Create an account to comment!